AoeStats
← Potri

Arena

506423802Analyzed
1v1 RM · 18d ago on Sep 13, 2026· 43m 55s· 2 players
Game mode
Random Map
Map size
Tiny (2 player)
Population
200
Speed
Normal
Resources
Standard
Victory
Conquest
Starting age
Dark Age
Ending age
Imperial Age
RankedLock teamsTeams togetherTeam positionsShared explorationLock speedFull tech treeHidden civsTurbo modeCheats
Victory
Defeat
🇮🇹 Vietnamese · Italy
742
+17
🇷🇴 Wei · Romania
767
-34
OSSGiorgioT
8:57 Feudal Age
9:31 Double-Bit Axe
11:24 Wheelbarrow
17:49 Castle Age
16:40 Stone Mining
19:35 Horse Collar
20:46 Heavy Plow
20:53 Squires
21:56 Scale Mail Armor
22:52 Bow Saw
25:05 Chain Mail Armor
26:04 Pikeman
27:11 Gold Mining
30:16 Imperial Age
29:35 Hand Cart
31:06 Forging
32:00 Plate Mail Armor
34:31 Fletching
34:14 Halberdier
34:42 Arson
35:16 Padded Archer Armor
36:25 Iron Casting
38:01 Paper Money
37:58 Elite Fire Lancer
39:27 Bodkin Arrow
41:11 Leather Archer Armor
42:15 Two-Man Saw
41:54 Bracer
42:53 Ring Archer Armor
Potri
10:09 Feudal Age
11:38 Loom
11:45 Double-Bit Axe
12:55 Horse Collar
14:01 Gold Mining
18:53 Castle Age
18:53 Bloodlines
18:51 Scale Barding Armor
20:14 Bow Saw
20:08 Heavy Plow
24:26 Chain Barding Armor
25:16 Wheelbarrow
24:44 Stone Mining
25:18 Pikeman
26:13 Forging
27:26 Hand Cart
27:50 Gold Shaft Mining
27:23 Town Watch
30:14 Iron Casting
30:30 Fletching
33:59 Imperial Age
33:52 Town Patrol
35:36 Stone Shaft Mining
35:56 Parthian Tactics
35:10 Heavy Hei Guang Cavalry
37:50 Murder Holes
38:18 Ballistics
39:41 Fortified Wall
40:41 Bodkin Arrow
41:47 Blast Furnace
40:47 Padded Archer Armor
40:48 Scale Mail Armor
43:34 Crop Rotation
Connection lost

Rejoining the realm…

Still unreachable

The connection could not be restored.

Session expired

The server has moved on; the page needs a fresh start.